 Dungeon Crawl Stone Soup version 0.27.1-1-g398f81649c (webtiles) character file.

Game seed: 2288379309192150245

16 nxtlvl the Chopper (level 2, 0/26 HPs)
             Began as a Draconian Berserker on Sept 8, 2021.
             Was a Follower of Trog.
             Slain by a hobgoblin (2 damage)
             ... on level 2 of the Dungeon.
             The game lasted 00:00:49 (86 turns).

nxtlvl the Chopper (Draconian Berserker)              Turns: 86, Time: 00:00:50

Health: 0/26       AC:  4    Str: 19    XL:     2   Next: 41%
Magic:  2/2        EV:  7    Int:  7    God:    Trog [*.....]
Gold:   5          SH: 11    Dex: 10    Spells: 1/1 levels left

rFire    . . .     SeeInvis .   a - +0 hand axe
rCold    . . .     Faith    .   d - +0 tower shield
rNeg     . . .     Spirit   .   (armour unavailable)
rPois    .         Reflect  .   (helmet restricted)
rElec    .         Harm     .   (no cloak)
rCorr    .         Rampage  .   (no gloves)
Will     .....                  (no boots)
Stlth    +.........             (no amulet)
HPRegen  0.08/turn              (no ring)
MPRegen  0.08/turn              (no ring)

@: no status effects
A: AC +4, unfitting armour, cold-blooded
a: Renounce Religion, Berserk


You were on level 2 of the Dungeon.
You worshipped Trog.
Trog was aware of your devotion.
You visited 1 branch of the dungeon, and saw 2 of its levels.

You collected 5 gold pieces.

Inventory:

Hand Weapons
 a - a +0 hand axe (weapon)
Missiles
 b - 19 arrows
 c - 8 poisoned darts (quivered)
Armour
 d - a +0 tower shield (worn)
Potions
 e - 2 potions of curing {unknown}


   Skills:
 - Level 3.2 Fighting
 * Level 3.8 Axes
 - Level 2.6 Dodging


You had one spell level left.
You didn't know any spells.
Your spell library was empty.

Dungeon Overview and Level Annotations

Branches:
Dungeon (2/15)

Altars:


Innate Abilities, Weirdness & Mutations

Your plain brown scales are hard. (AC +4)
You cannot fit into any form of body armour.
You are cold-blooded and may be slowed by cold attacks.


Message History

You are no longer poisoned.
The bat barely misses you.
You closely miss the bat.
The bat is severely wounded.
You feel yourself speed up. The bat barely misses you.
The bat barely misses you.
You now have 5 gold pieces.
There are no items here.
You start putting on your armour.
You continue putting on your +0 tower shield. x4
You finish putting on your +0 tower shield.
You recover from your berserk rage.
You see here an adder corpse.
A bat is nearby!
Found 13 arrows and 7 gold pieces.
The bat hits you but does no damage.
You hit the bat.
You kill the bat!
Trog accepts your kill.
e - 2 yellow potions A hobgoblin comes into view.
The hobgoblin shouts!
You see here 2 poisoned darts.
Your shield prevents you from hitting the hobgoblin.
The hobgoblin hits you.
* * * LOW HITPOINT WARNING * * *
A dart slug comes into view.
You block the hobgoblin's attack.
You closely miss the hobgoblin. You block the hobgoblin's attack.
The hobgoblin closely misses you.
You hit the hobgoblin but do no damage. The hobgoblin hits you.
* * * LOW HITPOINT WARNING * * *
You barely miss the hobgoblin.
The hobgoblin hits you but does no damage.
You block the hobgoblin's attack.
You closely miss the hobgoblin. The hobgoblin barely misses you.
You hit the hobgoblin.
Your tail-slap misses the hobgoblin.
The hobgoblin is moderately wounded.
The hobgoblin hits you.
You die...

..# #.# #### #.# ..#
##$## #.# #.(.# #.#
#.w.# #.# #.g.#
#.#####.@.#####
#.#...........##.
#..†.....(.......
#<#...........###
.....$..#####...#####
>......## #...#
##.#### #...# ..
#...# ##.##


You could see a dart slug and a hobgoblin.

Vanquished Creatures
  An adder (D:2)
  A dart slug (D:1)
  2 bats
  A goblin (D:1)
  A hobgoblin (D:1)
6 creatures vanquished.

Notes
Turn   | Place    | Note
-------+----------+-------------------------------------------
     0 | D:1      | nxtlvl the Draconian Berserker began the quest for the Orb.
     0 | D:1      | Reached XP level 1. HP: 19/19 MP: 1/1
    48 | D:2      | Reached XP level 2. HP: 10/26 MP: 2/2
    86 | D:2      | Slain by a hobgoblin

Illustrated notes

Levels and vault maps discovered:
D:1:      psy_arrival_radial01, layout_rooms
D:2:      layout_loops_cross, ebering_ecumenical_altar_rust, minmay_rat_hole

Action                   || total
-------------------------++-------
Melee: Hand axe          ||    23
       Tailslap          ||     2
Throw: Dart              ||     2
Invok: Berserk           ||     1
Armor: Skin              ||     6
Dodge: Dodged            ||    20
Block: Tower shield      ||     3
